 Dungeon Crawl Stone Soup version 0.32-a0-629-g87aaac5c70 (webtiles) character file.

Game seed: 18236358249083215501

2175583 NormalPerson7 the End of an Era (level 27, 261/261 HPs)
             Began as a Ghoul Gladiator on Mar 6, 2024.
             Was the Champion of Qazlal.
             Escaped with the Orb
             ... and 4 runes!
             The game lasted 04:14:43 (80218 turns).

NormalPerson7 the End of an Era (Ghoul Gladiator)  Turns: 80218, Time: 04:14:44

Health: 261/261    AC: 47    Str: 37    XL:     27
Magic:  40/40      EV: 16    Int: 12    God:    Qazlal [******]
Gold:   8030       SH:  8    Dex: 16    Spells: 26/26 levels left

rFire   + + .        b - +9 executioner's axe (vamp)
rCold   + + +        (shield currently unavailable)
rNeg    + + +        W - +8 gold dragon scales {Parghit}
rPois   ∞            j - +2 helmet
rElec   +            N - +1 cloak of Starlight {*Dazzle EV+4 Stlth--}
rCorr   .            e - +2 pair of gloves {Str+3}
SInv    .            o - +2 pair of boots {rampage}
Will    ++++.        J - amulet of the Raven {Acrobat +Blink Will+ Int+2} Stlth
                     n - ring "Egahusm" {rPois Will+ Str+2 Int+3 Dex+6}
HPRegen 0.00/turn    d - ring "Xualutu" {rElec rF+ rC+}
MPRegen 0.27/turn

%: repel missiles, acrobat, rampage
@: inhibited regen, studying 3 skills
A: claws 1, cold resistance 1, negative energy resistance 3, inhibited
regeneration, torment resistance 2, devour on kill
0: Orb of Zot
}: 4/15 runes: serpentine, barnacled, slimy, silver
a: Renounce Religion, Evoke Blink, Upheaval, Elemental Force, Disaster Area


You escaped.
You worshipped Qazlal.
Qazlal was exalted by your worship.
You visited 10 branches of the dungeon, and saw 52 of its levels.
You visited the Abyss 2 times.
You visited 1 bazaar.
You also visited: Sewer, Ice Cave and Desolation.

You collected 12003 gold pieces.
You spent 3973 gold pieces at shops.

Inventory:

Hand Weapons
 a - a +9 spectral executioner's axe
 b - a +9 vampiric executioner's axe (weapon)
Missiles
 v - 29 boomerangs
 w - 15 silver javelins (quivered)
 K - 2 curare-tipped darts
 Q - 5 throwing nets {!f}
 Y - 16 javelins
Armour
 e - a +2 pair of gloves of strength (worn)
 j - a +2 helmet (worn)
 o - a +2 pair of boots of rampaging (worn)
 N - the +1 cloak of Starlight (worn) {*Dazzle EV+4 Stlth--}
   (You found it on level 4 of the Snake Pit)

   *Dazzle:   It may blind those who miss an attack against the wearer in melee
   combat.
   EV+4:      It affects your evasion (+4).
   Stlth--:   It makes you much less stealthy.
 W - +8 gold dragon scales (worn) {Parghit}
Jewellery
 d - the ring "Xualutu" (right hand) {rElec rF+ rC+}
   (You bought it in a shop on level 3 of the Elven Halls)

   [ring of protection from cold]

   rF+:       It protects you from fire.
   rC+:       It protects you from cold.
   rElec:     It insulates you from electricity.
 n - the ring "Egahusm" (left hand) {rPois Will+ Str+2 Int+3 Dex+6}
   (You acquired it on level 2 of the Dungeon)

   [ring of dexterity]

   Str+2:     It affects your strength (+2).
   Int+3:     It affects your intelligence (+3).
   Dex+6:     It affects your dexterity (+6).
   rPois:     It protects you from poison.
   Will+:     It increases your willpower.
 A - a ring of protection from cold
 C - the ring "Janloej" {Fly rPois EV+5 Dex+4}
   (You found it on level 3 of the Elven Halls)

   [ring of evasion]

   EV+5:      It affects your evasion (+5).
   Dex+4:     It affects your dexterity (+4).
   rPois:     It protects you from poison.
   Fly:       It grants you flight.
 F - a ring of protection from fire
 H - a +4 ring of slaying
 J - the amulet of the Raven (around neck) {Acrobat +Blink Will+ Int+2}
   (You found it on level 5 of the Pits of Slime)

   [amulet of the acrobat]

   Acrobat:   It increases your evasion while moving and waiting.
   Int+2:     It affects your intelligence (+2).
   Will+:     It increases your willpower.
   +Blink:    It lets you blink.
 U - a ring of resist corrosion
 Z - a ring of see invisible
Wands
 k - a wand of mindburst (18)
 p - a wand of charming (76)
 z - a wand of light (23)
 I - a wand of digging (37)
 O - a wand of polymorph (38)
 T - a wand of iceblast (46)
Scrolls
 g - 12 scrolls of vulnerability
 q - a scroll of torment
 r - 3 scrolls of silence
 t - 12 scrolls of teleportation
 x - 7 scrolls of blinking
 y - 5 scrolls of fog
 B - 8 scrolls of immolation
 D - 11 scrolls of fear
 G - 5 scrolls of poison
 M - 4 scrolls of summoning {!r}
Potions
 c - 22 potions of curing
 f - 6 potions of haste
 h - 9 potions of heal wounds
 i - 6 potions of brilliance
 l - 4 potions of cancellation
 m - a potion of ambrosia
 s - 8 potions of might
 u - 10 potions of attraction
 E - 5 potions of magic
 L - 11 potions of enlightenment
 V - 4 potions of resistance
 X - 4 potions of invisibility
Miscellaneous
 P - a tin of tremorstones (2/2)
 R - a sack of spiders
 S - a phial of floods


   Skills:
 - Level 24.0 Fighting
 - Level 24.0 Axes
 - Level 12.0 Throwing
 - Level 22.0 Armour
 - Level 8.0 Dodging
 - Level 4.0 Unarmed Combat
 + Level 26.8 Invocations
 - Level 15.0 Evocations


You had 26 spell levels left.
You didn't know any spells.
Your spell library contained the following spells:

 Spells                   Type           Power      Damage    Failure   Level
 Apportation              Tloc           0%         N/A       88%         1
 Kiss of Death            Conj/Necr      0%         2d5       88%         1
 Shock                    Conj/Air       0%         1d3       88%         1
 Slow                     Hex            0%         N/A       88%         1
 Summon Small Mammal      Summ           0%         N/A       88%         1
 Cigotuvi's Dreadful Rot  Necr/Alch/Air  0%         N/A       96%         2
 Ensorcelled Hibernation  Hex/Ice        0%         N/A       96%         2
 Jinxbite                 Hex            0%         N/A       96%         2
 Mercury Vapours          Alch/Air       0%         N/A       96%         2
 Scorch                   Fire           0%         2d5       96%         2
 Static Discharge         Conj/Air       0%         3-3/arc   96%         2
 Call Canine Familiar     Summ           0%         N/A       99%         3
 Confusing Touch          Hex            0%         N/A       99%         3
 Dazzling Flash           Conj/Hex       0%         N/A       99%         3
 Fugue of the Fallen      Necr           0%         N/A       99%         3
 Hailstorm                Conj/Ice       0%         3d5       99%         3
 Mephitic Cloud           Conj/Alch/Air  0%         N/A       99%         3
 Ozocubu's Armour         Ice            0%         N/A       99%         3
 Passwall                 Erth           0%         N/A       99%         3
 Sigil of Binding         Hex            0%         N/A       99%         3
 Summon Ice Beast         Ice/Summ       0%         N/A       99%         3
 Swiftness                Air            0%         N/A       99%         3
 Tukima's Dance           Hex            0%         N/A       99%         3
 Vampiric Draining        Necr           0%         2d6       99%         3
 Volatile Blastmotes      Fire/Tloc      0%         2d10      99%         3
 Airstrike                Air            0%         2d(0-16)  100%        4
 Anguish                  Hex/Necr       0%         N/A       100%        4
 Animate Dead             Necr           0%         N/A       100%        4
 Cause Fear               Hex            0%         N/A       100%        4
 Dimensional Bullseye     Hex/Tloc       0%         N/A       100%        4
 Dispel Undead            Necr           0%         3d6       100%        4
 Fulminant Prism          Conj/Alch      0%         3d5       100%        4
 Ignite Poison            Fire/Alch      0%         N/A       100%        4
 Iskenderun's Mystic Bla  Conj/Tloc      0%         2d3       100%        4
 Leda's Liquefaction      Alch/Erth      0%         N/A       100%        4
 Manifold Assault         Tloc           0%         N/A       100%        4
 Martyr's Knell           Necr/Summ      0%         N/A       100%        4
 Olgreb's Toxic Radiance  Alch           0%         N/A       100%        4
 Petrify                  Alch/Erth      0%         N/A       100%        4
 Sticky Flame             Fire/Alch      0%         2d4       100%        4
 Summon Blazeheart Golem  Fire/Summ      0%         N/A       100%        4
 Summon Lightning Spire   Summ/Air       0%         N/A       100%        4
 Alistair's Intoxication  Alch           0%         N/A       100%        5
 Arcjolt                  Conj/Air       0%         1d10      100%        5
 Curse of Agony           Necr           0%         N/A       100%        5
 Fireball                 Conj/Fire      0%         3d3       100%        5
 Freezing Cloud           Conj/Ice/Air   0%         6-21      100%        5
 Iskenderun's Battlesphe  Conj           0%         2d6       100%        5
 Metabolic Englaciation   Hex/Ice        0%         N/A       100%        5
 Silence                  Hex/Air        0%         N/A       100%        5
 Summon Forest            Summ/Tloc      0%         N/A       100%        5
 Bombard                  Conj/Erth      0%         9d1       100%        6
 Conjure Ball Lightning   Conj/Air       0%         3x3d6     100%        6
 Death Channel            Necr           0%         N/A       100%        6
 Eringya's Noxious Bog    Alch           0%         4d6       100%        6
 Sculpt Simulacrum        Ice/Alch       0%         N/A       100%        6
 Starburst                Conj/Fire      0%         6d3       100%        6
 Enfeeble                 Hex            0%         N/A       100%        7
 Haunt                    Necr/Summ      0%         N/A       100%        7
 Ozocubu's Refrigeration  Ice            0%         4d7       100%        7
 Spellforged Servitor     Conj/Summ      0%         N/A       100%        7
 Summon Hydra             Summ           0%         N/A       100%        7
 Discord                  Hex            0%         N/A       100%        8
 Disjunction              Tloc           0%         N/A       100%        8
 Ignition                 Fire           0%         3d3       100%        8
 Infestation              Necr           0%         N/A       100%        8
 Maxwell's Capacitive Co  Air            0%         ∞         100%        8
 Summon Horrible Things   Summ           0%         N/A       100%        8
 Dragon's Call            Summ           0%         N/A       100%        9
 Death's Door             Necr           Unusable   N/A       N/A         9

Dungeon Overview and Level Annotations

Branches:
Dungeon (15/15)            Temple (0/1) D:5            Lair (5/5) D:8
 Shoals (4/4) Lair:3        Snake (4/4) Lair:2        Slime (5/5) Lair:4
    Orc (2/2) D:11            Elf (3/3) Orc:2        Vaults (5/5) D:14
  Crypt (0/3) Vaults:2     Depths (4/4) D:15            Zot (5/5) Depths:4
  Sewer (visited)           IceCv (visited)         Desolation (visited)

Altars:
Dithmenos
Fedhas
Gozag
Hepliaklqana
Kikubaaqudgha
Makhleb
Nemelex Xobeh
Okawaru
Qazlal
Ru
Sif Muna
Trog
Uskayaw
Vehumet
Wu Jian
Xom
Yredelemnul

Shops:
D:2 =   D:9 *   D:10 [   Orc:1 [?[!   Orc:2 *!?=   Elf:1 (   Elf:3 =
Shoals:2 [   Shoals:3 :   Snake:1 =::   Snake:2 *   Vaults:5 ??!   Zot:1 *

Portals:
Hell: Depths:1 Depths:2 Depths:3 Depths:4
Abyss: Depths:1 Depths:2 Depths:3
Pandemonium: Depths:2
Ziggurat: Depths:4

Annotations:
Lair:4 exclusion: oklob plant
Zot:1 3 runed translucent doors, exclusion: obsidian statue, Ganeol's ghost, legendary MiBe


Innate Abilities, Weirdness & Mutations

You are immune to poison.
You have sharp fingernails.
Your flesh is cold resistant. (rC+)
You are immune to negative energy. (rN+++)
You do not regenerate when monsters are visible.
You are immune to unholy pain and torment.
You thrive by killing the living.


Message History

The Executioner is lightly wounded.
The Executioner hits you but does no damage. x4
You block the Executioner's attack.
The Executioner hits you but does no damage.
You barely miss the Executioner.
The Executioner is lightly wounded.
The Executioner is engulfed in freezing vapours.
The Executioner closely misses you.
The Executioner hits you but does no damage.
You block the Executioner's attack.
The Executioner is engulfed in freezing vapours.
The Executioner hits you.
The Executioner hits you but does no damage.
The Executioner misses you.
You closely miss the Executioner.
The Executioner is lightly wounded.
The Executioner is engulfed in freezing vapours.
The Executioner hits you but does no damage. x3
The Executioner is engulfed in freezing vapours.
You block the Executioner's attack.
The Executioner hits you but does no damage. x2
You slice the Executioner!!
The Executioner is severely wounded.
You block the Executioner's attack.
The Executioner hits you but does no damage. x2
The Executioner is engulfed in freezing vapours.
The Executioner hits you.
The Executioner hits you but does no damage.
The Executioner barely misses you.
You carve the Executioner like a ham!!!
You kill the Executioner!
Qazlal accepts your kill.
(D) Dungeon (T) Temple (L) Lair (A) Shoals (P) Snake Pit (M) Slime Pits (O) Orcish Mines (E) Elven Halls (V) Vaults (C) Crypt (U) Depths (H) Hell (Z) Zot
Where to? (Tab/Enter - D:1 @ (x,y), ? - help) HP restored.
There is a staircase leading out of the dungeon here.
You have escaped!

..............#######..ß.ß.......
.........##..#.###.##..).....##..
.........##..#.2...###..##.#.##..
.##......#####.#.#.####..#.#.####
.##......# #.....[...###.#.#.....
.##......###.#.#.#.#.###.#.######
.#####.#...)...#.#...............
.# #.#.#.#.###.###.#.##.†##....
.#####.#.#......@......###.......
.......#.#.#.###.###.#.######†..†
.#####.#.......#.#.......# #####
## ###.###.#.#.#.#.###.########
######.# #.........#........)..
###....#.#####.#.#.###.......####
.............#.....# #...........
###....#.###.#.###.###...#......#
# ######.........................


You could see a reaper.

Vanquished Creatures
  the Royal Jelly (Slime:5)
  A pandemonium lord (D:15)
  2 dread liches
  8 orbs of fire
  5 ancient liches
  Mara (Snake:3)
  2 juggernauts
  Sojobo (Depths:2)
  2 Killer Klowns (Zot:5)
  Vv (Depths:4)
  Parghit (Depths:3)
  A curse toe (Zot:5)
  Vashnia (Snake:4)
  Nikola (Shoals:4)
  4 caustic shrikes
  A profane servitor (Abyss:2)
  16 golden dragons
  the Enchantress (Depths:3)
  A Brimstone Fiend (D:12)
  A Tzitzimitl (D:3)
  A walking crystal tome (Depths:3)
  An electric golem (Zot:5)
  21 tentacled monstrosities
  3 liches
  An Ice Fiend (D:10)
  27 Orb Guardians
  8 titans
  A walking divine tome (Depths:3)
  2 deep elf blademasters
  4 quicksilver dragons
  A deep elf master archer (Elf:3)
  2 Executioners
  2 krakens
  25 acid blobs
  6 death cobs
  A tentacled starspawn (Abyss:2)
  4 sphinxes
  Frances (D:13)
  11 tengu reavers
  10 shadow dragons
  Agnes (D:15)
  8 storm dragons
  Aizul (Snake:3)
  7 nagarajas
  4 draconian monks
  4 protean progenitors
  10 rockslimes
  7 draconian knights
  7 azure jellies
  8 fire giants
  10 frost giants
  An imperial myrmidon (Desolation)
  Louise (Snake:4)
  15 deep elf sorcerers
  6 draconian shifters
  15 vault wardens
  2 caustic shrike zombies
  6 iron dragons
  3 ghost moths
  A balrug (Depths:1)
  9 draconian scorchers
  4 deep elf elementalists
  6 draconian stormcallers
  3 orc warlords
  16 ironbound preservers
  2 angels (Vaults:3)
  A juggernaut zombie (Abyss:2)
  2 spriggan defenders (Depths:4)
  8 draconian annihilators
  9 formless jellyfish
  20 very ugly things
  7 ironbound thunderhulks
  A caustic shrike skeleton (Depths:2)
  15 stone giants
  9 quicksilver oozes
  7 deep elf demonologists
  2 vampire knights
  14 green draconians
  7 deep elf death magi
  8 black draconians
  The ghost of Borsukrates the Severer, a journeyman BaDe of Xom (D:13)
  23 deep elf annihilators
  13 white draconians
  2 war gargoyles (Vaults:4)
  Azrael (D:12)
  2 halazid warlocks (Desolation)
  9 red draconians
  11 dire elephants
  7 purple draconians
  7 merfolk javelineers
  8 spark wasps
  6 bunyips
  An eidolon (Abyss:2)
  12 yellow draconians
  The ghost of iamserjio the Spear-Bearer, a journeyman OpWn of Hepliaklqana (Lair:5)
  3 ragged hierophants (Desolation)
  5 crystal guardians
  6 merfolk impalers
  3 jiangshi (Depths:1)
  11 ettins
  2 entropy weavers
  A blizzard demon (Depths:4)
  Josephine (Orc:1)
  9 fire dragons
  28 vault guards
  16 yaktaur captains
  5 deep elf high priests (Elf:3)
  2 rakshasas
  7 great orbs of eyes
  Fannar (D:12)
  4 merfolk avatars
  A catoblepas (Lair:5)
  2 hydras
  7 ironbound frosthearts
  A salamander tyrant (Snake:4)
  6 peacekeepers
  A quicksilver dragon skeleton (Depths:2)
  5 spriggan air magi
  2 servants of whispers (Desolation)
  2 ogre magi (Vaults:5)
  11 centaur warriors
  2 alligators (Zot:1)
  11 anacondas
  8 merfolk aquamancers
  10 ice dragons
  11 deep troll shamans
  27 dancing weapons
  An alligator snapping turtle (Shoals:4)
  A death knight (D:15)
  5 boulder beetles
  11 two-headed ogres
  16 death yaks
  4 hell hogs (Depths:2)
  12 deep troll earth magi
  10 tengu warriors
  5 thrashing horrors
  5 vampire magi
  16 naga warriors
  4 wretched stars
  A sun demon (D:13)
  3 occultists
  4 orc high priests
  5 spriggan berserkers
  9 shock serpents
  10 hell knights
  21 naga sharpshooters
  33 deep elf knights
  Sonja (D:12)
  4 soul eaters
  4 skysharks
  2 shadow wraiths
  A golden dragon zombie (Depths:2)
  6 skeletal warriors
  6 iron trolls
  15 sea snakes
  A shadow demon (D:13)
  54 deep trolls
  2 bog bodies (IceCv)
  A glowing orange brain (Depths:3)
  A mana viper (shapeshifter) (Vaults:5)
  6 flayed ghosts
  3 naga ritualists
  14 orc knights
  7 mana vipers
  An orange crystal statue (Depths:2)
  A golden dragon skeleton (Depths:2)
  26 deep elf archers
  5 starcursed masses
  5 arcanists
  5 necromancers
  26 ironbound convokers
  13 harpies
  30 deep elf zephyrmancers
  9 lindwurms
  3 phantasmal warriors
  7 fauns
  4 orc sorcerers (Orc:2)
  29 deep elf pyromancers
  53 ugly things
  2 fire giant zombies (Depths:2)
  6 shining eyes
  A cyclops (shapeshifter) (Elf:2)
  12 salamanders
  13 manticores
  Maurice (D:7)
  7 merfolk sirens
  7 cyclopes
  A moth of wrath (shapeshifter) (Vaults:3)
  2 worldbinders (Abyss:2)
  19 moths of wrath
  3 meliai (D:14)
  2 kobold blastminers (Orc:2)
  3 water nymphs
  15 guardian serpents
  32 black mambas
  An ice statue (IceCv)
  5 elephants (Lair:5)
  23 naga magi
  5 smoke demons
  25 vault sentinels
  3 orange demons (Abyss:2)
  4 eyes of devastation
  4 torpor snails
  2 gargoyles
  2 unseen horrors
  15 large abominations
  10 cane toads
  24 yaktaurs
  A kobold demonologist (D:7)
  4 freezing wraiths
  An efreet (D:13)
  A hellion (Elf:2)
  4 rime drakes
  A spriggan zombie (Depths:2)
  6 komodo dragons
  2 anaconda simulacra (IceCv)
  An ice devil (Depths:4)
  5 tengu conjurers
  3 ancient zymes
  7 trolls
  4 polar bears
  A polar bear (shapeshifter) (Abyss:2)
  2 harpy zombies (Shoals:1)
  16 merfolk
  A golden dragon simulacrum (Depths:2)
  A raiju (shapeshifter) (D:14)
  8 hornets
  41 saltlings (Desolation)
  6 wind drakes
  6 raiju (Abyss:2)
  A dream sheep (shapeshifter) (Vaults:4)
  3 hellwings (Abyss:2)
  2 tarantellas (Vaults:4)
  3 blink frogs (Lair:1)
  11 snapping turtles
  5 glass eyes
  A slime creature (shapeshifter) (Vaults:5)
  A stone giant simulacrum (Depths:2)
  35 dream sheep
  A frost giant simulacrum (Depths:2)
  65 slime creatures
  4 small abominations
  Sigmund (D:3)
  5 spriggans
  3 air elementals
  2 dire elephant simulacra (IceCv)
  4 water elementals
  A vampire (D:7)
  8 wraiths
  11 wyverns
  5 fire elementals
  3 ynoxinuls
  A fire bat (Abyss:3)
  5 golden eyes
  3 wargs
  2 basilisks
  51 yaks
  2 death yak simulacra (IceCv)
  2 redbacks (Vaults:1)
  5 steam dragons
  A naga zombie (Abyss:2)
  A chaos spawn (D:7)
  6 neqoxecs
  15 vampire mosquitoes
  A glowing shapeshifter zombie (Depths:2)
  A harpy simulacrum (IceCv)
  49 nagas
  A hell hound (D:12)
  3 acid dragons
  2 hydra simulacra (IceCv)
  Duvessa (D:4)
  18 water moccasins
  8 laughing skulls
  A sky beast (shapeshifter) (Elf:2)
  27 orc warriors
  3 black bears
  A manticore zombie (Shoals:1)
  4 boggarts (Vaults:1)
  9 ogres
  8 centaurs
  9 wolves
  3 phantoms
  3 weeping skulls (Abyss:2)
  17 bullfrogs
  4 kobold brigands
  6 earth elementals
  A gnoll sergeant (D:6)
  2 cane toad simulacra (IceCv)
  6 two-headed ogre simulacra (IceCv)
  13 wights
  Dowan (D:4)
  An elephant simulacrum (IceCv)
  5 killer bees
  5 howler monkeys
  An electric eel (Lair:5)
  A bombardier beetle (D:5)
  7 hounds
  3 quasits
  7 jellies
  3 sleepcaps
  27 orc priests
  4 iguanas
  30 orc wizards
  3 troll simulacra (IceCv)
  3 polar bear simulacra (IceCv)
  5 spriggan simulacra (IceCv)
  2 wolf simulacra (IceCv)
  10 adders
  8 gnolls
  5 naga simulacra (IceCv)
  2 river rats (Sewer)
  A shadow imp (D:6)
  12 white imps
  9 ufetubi
  4 dart slugs
  3 ribbon worms
  69 orcs
  5 bats
  A bat zombie (Shoals:1)
  15 endoplasms
  2 giant cockroaches
  7 goblins
  7 hobgoblins
  10 jackals
  21 kobolds
  5 quokkas
  8 ball pythons
  5 frilled lizards
  11 rats
  9 tentacles
2465 creatures vanquished.

Vanquished Creatures (collateral kills)
  Saint Roka (Orc:1)
  Rupert (Lair:4)
  A spriggan defender (Depths:3)
  Snorg (Lair:4)
  A hydra (Lair:5)
  A naga warrior (Snake:3)
  A naga (Snake:3)
7 creatures vanquished.

Vanquished Creatures (others)
  An electric golem (Zot:5)
  2 deep elf sorcerers (Vaults:5)
  A draconian stormcaller (Zot:3)
  An ironbound preserver (Vaults:5)
  A very ugly thing (Vaults:5)
  A vampire mage (Depths:3)
  A hell knight (Vaults:5)
  A sun moth (shapeshifter) (Vaults:4)
  A salamander (Snake:3)
  A black mamba (Snake:3)
  A vault sentinel (Vaults:5)
  A naga mage (Snake:3)
  A yaktaur (Vaults:4)
  A slime creature (Slime:2)
  A laughing skull (Abyss:2)
  A boggart (Vaults:1)
  A lurking horror (Abyss:2)
  A spectral weapon (Zot:5)
  2 starspawn tentacles (Abyss:2)
  14 tentacles
35 creatures vanquished.

Grand Total: 2507 creatures vanquished

Notes
Turn   | Place    | Note
-------+----------+-------------------------------------------
     0 | D:1      | NormalPerson7 the Ghoul Gladiator began the quest for the
                  | Orb.
     0 | D:1      | Reached XP level 1. HP: 17/17 MP: 1/1
   173 | D:1      | Reached XP level 2. HP: 24/24 MP: 2/2
   293 | D:1      | Found a faded altar of an unknown god.
   680 | D:1      | Reached XP level 3. HP: 31/31 MP: 3/3
  1579 | D:2      | Found Xeru's Jewellery Emporium.
  1632 | D:2      | Reached XP level 4. HP: 40/40 MP: 4/4
  1976 | D:3      | Identified 2 scrolls of acquirement
  1980 | D:2      | Acquired a manual of Axes
  1982 | D:2      | Acquired the ring "Egahusm" {rPois Will+ Str+2 Int+3 Dex+6}
  1990 | D:3      | Noticed Sigmund
  2052 | D:3      | Found a glowing drain.
  2083 | Sewer    | Entered a sewer
  2091 | Sewer    | Reached skill level 1 in Axes
  2286 | Sewer    | Noticed a kobold brigand
  2293 | Sewer    | Reached XP level 5. HP: 41/47 MP: 5/5
  2303 | Sewer    | Killed a kobold brigand
  2555 | D:3      | Reached XP level 6. HP: 46/53 MP: 4/6
  2607 | D:3      | Reached skill level 5 in Axes
  3026 | D:3      | Killed Sigmund
  3027 | D:3      | Reached XP level 7. HP: 55/60 MP: 7/7
  3829 | D:4      | Reached skill level 5 in Fighting
  3936 | D:4      | Identified the +0 ring mail "Numotado" {rC+ Will+}
  3943 | D:4      | Noticed Duvessa
  3943 | D:4      | Noticed Dowan
  3993 | D:3      | Reached skill level 1 in Evocations
  4053 | D:4      | Killed Dowan
  4132 | D:4      | Found a shimmering altar of Xom.
  4133 | D:4      | Found a shadowy altar of Dithmenos.
  4133 | D:4      | Found a bloodstained altar of Trog.
  4177 | D:4      | Killed Duvessa
  4283 | D:4      | Reached XP level 8. HP: 56/68 MP: 8/8
  4463 | D:4      | Found a stormy altar of Qazlal.
  4463 | D:4      | Found a shimmering blue altar of Sif Muna.
  4569 | D:4      | Found a radiant altar of Vehumet.
  4569 | D:4      | Found a blossoming altar of Fedhas.
  4612 | D:4      | Became a worshipper of Qazlal Stormbringer
  4765 | D:5      | Entered Level 5 of the Dungeon
  5304 | D:5      | Found a staircase to the Ecumenical Temple.
  5368 | D:5      | Found a hazy altar of Hepliaklqana.
  5923 | D:6      | Reached skill level 10 in Axes
  5937 | D:6      | Reached * piety under Qazlal
  6031 | D:6      | Reached skill level 5 in Evocations
  6031 | D:6      | Reached XP level 9. HP: 31/78 MP: 9/9
  6765 | D:6      | Found a sacrificial altar of Ru.
  6961 | D:7      | Noticed Maurice
  6980 | D:7      | Something stole 14 poisoned darts
  6982 | D:7      | Something stole a +0 sling
  7241 | D:7      | Noticed a kobold demonologist
  7261 | D:7      | Noticed an ice devil
  7262 | D:7      | Killed a kobold demonologist
  7715 | D:7      | Found a hide-covered altar of Uskayaw.
  7974 | D:7      | Found a burning altar of Makhleb.
  8003 | D:7      | Maurice stole 27 gold
  8014 | D:7      | Maurice stole 186 gold
  8020 | D:7      | Killed Maurice
  8021 | D:7      | Reached XP level 10. HP: 44/90 MP: 3/10
  8664 | D:8      | Reached ** piety under Qazlal
  8845 | D:8      | Noticed a two-headed ogre
  8886 | D:7      | Reached skill level 1 in Invocations
  8948 | D:8      | Reached skill level 2 in Invocations
  9082 | D:2      | Bought a +4 ring of protection for 504 gold pieces
  9286 | D:8      | Reached skill level 3 in Invocations
  9419 | D:7      | Reached skill level 4 in Invocations
  9519 | D:7      | Reached skill level 5 in Invocations
 10214 | D:8      | Found a staircase to the Lair.
 10440 | D:8      | Killed a two-headed ogre
 10441 | D:8      | Reached skill level 10 in Fighting
 10589 | D:8      | Reached XP level 11. HP: 99/99 MP: 15/15
 10617 | D:7      | Reached skill level 6 in Invocations
 10705 | D:7      | Reached skill level 7 in Invocations
 11050 | D:9      | Reached *** piety under Qazlal
 11250 | D:9      | Reached skill level 5 in Throwing
 11321 | D:9      | Noticed a two-headed ogre
 11327 | D:9      | Killed a two-headed ogre
 11614 | D:9      | Found an iron altar of Okawaru.
 11669 | D:9      | Found Nenac's General Store.
 11672 | D:9      | Bought a scroll of identify for 26 gold pieces
 11707 | D:9      | Noticed a two-headed ogre
 11707 | D:9      | Noticed a two-headed ogre
 12251 | D:10     | Entered Level 10 of the Dungeon
 12716 | D:10     | Found Estrul Wikoith's Armour Shoppe.
 12801 | D:10     | Found an ornate altar of the Wu Jian Council.
 13247 | D:11     | Noticed a two-headed ogre
 13267 | D:11     | Killed a two-headed ogre
 13341 | D:11     | Reached skill level 8 in Invocations
 13691 | D:11     | Reached skill level 9 in Invocations
 13691 | D:11     | Reached XP level 12. HP: 84/110 MP: 18/18
 14267 | D:11     | Reached skill level 5 in Dodging
 14361 | D:11     | Found a staircase to the Orcish Mines.
 14930 | D:9      | Killed a two-headed ogre
 14962 | D:9      | Noticed a two-headed ogre
 14967 | D:9      | Noticed a centaur warrior
 15202 | D:9      | Reached **** piety under Qazlal
 15253 | D:9      | Reached skill level 1 in Armour
 15259 | D:9      | Killed a centaur warrior
 15500 | D:9      | Killed a two-headed ogre
 15570 | D:9      | Killed a two-headed ogre
 15760 | Lair:1   | Entered Level 1 of the Lair of Beasts
 15951 | Lair:1   | Noticed a boulder beetle
 15974 | Lair:1   | Killed a boulder beetle
 17055 | Lair:2   | Reached XP level 13. HP: 100/119 MP: 19/19
 17376 | Lair:2   | Reached skill level 10 in Invocations
 17400 | Lair:2   | Found a staircase to the Snake Pit.
 17611 | Lair:2   | Reached ***** piety under Qazlal
 18571 | Lair:3   | Reached skill level 11 in Invocations
 19891 | Lair:3   | Found a staircase to the Shoals.
 20486 | Lair:4   | Found a frozen archway.
 20743 | IceCv    | Entered an ice cave
 21716 | IceCv    | Reached XP level 14. HP: 112/130 MP: 22/22
 22254 | IceCv    | Got Sif Muna's Information on Cruentate Gusts
 22902 | Lair:4   | Noticed Rupert
 22911 | Lair:4   | Killed Rupert
 23124 | Lair:4   | Noticed Snorg
 23140 | Lair:4   | Killed Snorg
 23482 | Lair:4   | Found a staircase to the Slime Pits.
 23685 | Lair:5   | Entered Level 5 of the Lair of Beasts
 23714 | Lair:5   | Reached skill level 15 in Axes
 24606 | Lair:5   | Found a runed translucent door.
 24611 | Lair:5   | Noticed iamserjio's ghost (journeyman OpWn)
 25484 | Lair:5   | Reached XP level 15. HP: 120/138 MP: 23/23
 25664 | Lair:5   | Identified the +1 ring mail of Immorality {rElec Str+2}
 25752 | Lair:5   | Killed iamserjio's ghost
 25988 | Orc:1    | Entered Level 1 of the Orcish Mines
 26569 | Orc:1    | Found Foubohuh's Antique Armour Shoppe.
 26578 | Orc:1    | Noticed Josephine
 26592 | Orc:1    | Killed Josephine
 26661 | Orc:1    | Found Zaaph's Distillery.
 26739 | Orc:1    | Found Fixkicyo's Antique Armour Shop.
 26811 | Orc:1    | Found Yczoneme's Magic Scroll Shoppe.
 26906 | Orc:2    | Entered Level 2 of the Orcish Mines
 26917 | Orc:2    | Noticed an orc warlord
 27135 | Orc:2    | Found a staircase to the Elven Halls.
 27161 | Orc:2    | Reached ****** piety under Qazlal
 27173 | Orc:1    | Killed an orc warlord
 27294 | Orc:2    | Noticed Saint Roka
 27405 | Orc:1    | Killed Saint Roka
 27608 | Orc:2    | Found a shimmering blue altar of Sif Muna.
 28353 | Orc:2    | Reached skill level 5 in Armour
 28885 | Orc:2    | Found Oba Buem's Assorted Antiques.
 28890 | Orc:2    | Found Geusik's Magic Scroll Shoppe.
 28897 | Orc:2    | Found Kukiq's Jewellery Shoppe.
 28899 | Orc:2    | Found Eblaz's Distillery.
 28970 | Orc:1    | Bought a blackened chain mail for 237 gold pieces
 28970 | Orc:1    | Identified the +0 chain mail of a bailey {rN+ Int+2} (You
                  | bought it in a shop on level 1 of the Orcish Mines)
 29020 | Orc:2    | Bought a scroll of noise for 18 gold pieces
 29080 | Orc:1    | Bought a scroll of identify for 26 gold pieces
 29080 | Orc:1    | Bought a scroll of identify for 26 gold pieces
 29080 | Orc:1    | Bought a scroll of identify for 26 gold pieces
 29391 | D:12     | Noticed Azrael
 29410 | D:12     | Killed Azrael
 29513 | D:12     | Identified the +6 chain mail of the Elephant {Harm}
 29533 | D:12     | Noticed Sonja
 29534 | D:12     | Noticed Fannar
 29543 | D:12     | Killed Sonja
 29544 | D:12     | Killed Fannar
 31009 | D:13     | Noticed Frances
 31025 | D:13     | Killed Frances
 31413 | D:13     | Identified the +4 rapier "Derounant" {antimagic, Will+}
 31434 | D:13     | Noticed Borsukrates's ghost (journeyman BaDe)
 31435 | D:13     | Found a transporter.
 31457 | D:13     | Reached XP level 16. HP: 146/146 MP: 24/24
 31794 | D:13     | Found a transporter.
 32543 | D:14     | Reached skill level 10 in Armour
 33088 | D:14     | Found a gate to the Vaults.
 33371 | D:15     | Entered Level 15 of the Dungeon
 33465 | D:15     | Reached skill level 15 in Fighting
 33519 | D:15     | Noticed Agnes
 33530 | D:15     | Killed Agnes
 34119 | D:15     | Found a staircase to the Depths.
 35149 | Orc:2    | Bought a scroll of identify for 36 gold pieces
 35149 | Orc:2    | Bought a scroll of identify for 36 gold pieces
 35149 | Orc:2    | Bought a scroll of identify for 36 gold pieces
 35154 | Orc:2    | Bought a scroll of identify for 70 gold pieces
 35157 | Orc:2    | Bought a scroll of teleportation for 54 gold pieces
 35214 | Orc:1    | Bought 2 scrolls of teleportation for 78 gold pieces
 35515 | D:2      | Bought an amulet of guardian spirit for 420 gold pieces
 35763 | D:13     | Killed Borsukrates's ghost
 36119 | Snake:1  | Entered Level 1 of the Snake Pit
 36400 | Snake:1  | Found Carphucwo's Jewellery Boutique.
 36400 | Snake:1  | Found Zaxoptig's Book Shoppe.
 36402 | Snake:1  | Found Xoppeluh's Book Shoppe.
 36701 | Snake:1  | Reached XP level 17. HP: 156/156 MP: 25/25
 37090 | Snake:1  | Reached XP level 18. HP: 163/163 MP: 26/26
 37468 | Snake:1  | HP: 3/163 [constriction (10)]
 38155 | Snake:2  | Found Fibolled's Fabulous Fripperies.
 38181 | Snake:2  | You fall into a shaft and drop 1 floor!
 38192 | Snake:3  | Reached skill level 12 in Invocations
 38199 | Snake:3  | Noticed Mara
 38223 | Snake:3  | Noticed NormalPerson7's illusion
 38231 | Snake:3  | Killed Mara
 38246 | Snake:3  | Identified the serpent talisman of Morality {Str+2}
 38246 | Snake:3  | Noticed Aizul
 38251 | Snake:3  | Reached skill level 13 in Invocations
 38255 | Snake:3  | Killed Aizul
 38933 | Snake:3  | Reached skill level 14 in Invocations
 40224 | Orc:2    | Bought a scroll of blinking for 135 gold pieces
 40224 | Orc:2    | Bought a scroll of fog for 72 gold pieces
 40224 | Orc:2    | Bought a scroll of fear for 72 gold pieces
 40224 | Orc:2    | Bought a scroll of blinking for 135 gold pieces
 40448 | Snake:4  | Entered Level 4 of the Snake Pit
 40604 | Snake:4  | Noticed Louise
 40616 | Snake:4  | Killed Louise
 40703 | Snake:4  | Found a sparkling altar of Nemelex Xobeh.
 41287 | Snake:4  | Noticed Vashnia
 41390 | Snake:4  | Found the +1 cloak of Starlight {*Dazzle EV+4 Stlth--}
 41625 | Snake:4  | Killed Vashnia
 41764 | Snake:4  | Reached XP level 19. HP: 172/172 MP: 29/29
 42559 | Snake:4  | Found an iron altar of Okawaru.
 42571 | Snake:4  | Got a serpentine rune of Zot
 42820 | Shoals:1 | Entered Level 1 of the Shoals
 43605 | Shoals:1 | Reached skill level 15 in Invocations
 44270 | Shoals:2 | Reached skill level 16 in Invocations
 44400 | Shoals:2 | Found Hadad-Baal's Dragon-Slaying Spoils.
 45020 | Shoals:3 | Found Zoaphoci's Book Emporium.
 45499 | Shoals:3 | Reached XP level 20. HP: 180/180 MP: 32/32
 45538 | Shoals:4 | Entered Level 4 of the Shoals
 45908 | Shoals:4 | Identified the +8 great sword "Namuqole" {flame, rN++
                  | rCorr}
 46216 | Shoals:4 | Got a barnacled rune of Zot
 46441 | Shoals:4 | Noticed Nikola
 46458 | Shoals:4 | Killed Nikola
 46996 | Orc:2    | Bought a potion of ambrosia for 120 gold pieces
 46996 | Orc:2    | Bought 2 potions of magic for 240 gold pieces
 47039 | Elf:1    | Entered Level 1 of the Elven Halls
 47045 | Elf:1    | Reached skill level 17 in Invocations
 47788 | Elf:1    | Identified the +2 robe "Laecatek" {Harm Str-3 Int+9}
 48088 | Elf:1    | Found Gadgh's Antique Weapon Emporium.
 48149 | Elf:1    | Found a radiant altar of Vehumet.
 48499 | Elf:2    | Paralysed by an air elemental for 1 turns
 48988 | Elf:2    | Reached XP level 21. HP: 176/195 MP: 26/33
 49051 | Elf:2    | Identified the +0 robe of Ajoquru {Regen+ Dex+3}
 49094 | Elf:2    | Found a shimmering blue altar of Sif Muna.
 49404 | Elf:2    | Found a runed translucent gate.
 49405 | Elf:2    | Found a runed translucent gate.
 49405 | Elf:2    | Found a runed translucent gate.
 49814 | Abyss:2  | Cast into level 2 of the Abyss (+1 hand axe of distortion)
 50266 | Elf:2    | Escaped the Abyss
 50464 | Elf:2    | Reached skill level 15 in Armour
 51512 | Shoals:2 | Acquired a +4 executioner's axe of distortion
 52034 | Vaults:1 | Entered Level 1 of the Vaults
 53630 | Vaults:2 | Found a staircase to the Crypt.
 53630 | Vaults:2 | Found an ancient bone altar of Kikubaaqudgha.
 53631 | Vaults:2 | Found a basalt altar of Yredelemnul.
 53755 | Vaults:2 | Reached XP level 22. HP: 192/205 MP: 30/34
 54892 | Vaults:3 | Found a crumbling gateway.
 54953 | Desolati | Entered the Desolation of Salt
 55400 | Desolati | Got Qemaun's Incunabulum of Beckoning and the Arsonist
 55483 | Desolati | Identified the +6 morningstar of Lust {antimagic, rC+
                  | Dex+6}
 55511 | Desolati | Identified the +2 spear of Hamn {freeze, rC+}
 55596 | Desolati | Got Ydesozoge's Codex of Toxins
 55602 | Desolati | Identified the ring "Dyheer" {rC+ Int+3 Dex+6}
 55608 | Desolati | Found the +8 longbow "Zephyr" {speed, Dex+3 SInv}
 56363 | Vaults:3 | Acquired 405 gold pieces
 56364 | Vaults:3 | Acquired 960 gold pieces
 56842 | Vaults:4 | Found a flickering gateway to a bazaar.
 56850 | Bazaar   | Entered a bazaar
 56850 | Bazaar   | Found Liymm's Antique Armour Emporium.
 56850 | Bazaar   | Found Lobbeed's Distillery.
 56868 | Bazaar   | Found Lym Jeo's General Store.
 56879 | Bazaar   | Found Kukamysi's Antique Weapon Shoppe.
 56887 | Bazaar   | Found Gaokhlul's Jewellery Shoppe.
 56919 | Bazaar   | Bought a potion of might for 48 gold pieces
 56919 | Bazaar   | Bought a potion of curing for 36 gold pieces
 56919 | Bazaar   | Bought a potion of heal wounds for 60 gold pieces
 56919 | Bazaar   | Bought a potion of haste for 120 gold pieces
 56919 | Bazaar   | Bought a potion of heal wounds for 60 gold pieces
 56927 | Bazaar   | Bought a pair of twisted boots for 180 gold pieces
 56927 | Bazaar   | Identified the +2 pair of boots "Gampohi" {rF- Str+4 Dex+4}
                  | (You bought it in a shop in a bazaar)
 56951 | Bazaar   | Bought a faintly glowing chain mail for 180 gold pieces
 56951 | Bazaar   | Identified the +5 chain mail of Hatasyso {Int+4} (You
                  | bought it in a shop in a bazaar)
 57348 | Vaults:4 | Reached XP level 23. HP: 167/213 MP: 30/35
 58014 | Vaults:4 | Acquired 904 gold pieces
 58387 | Elf:3    | Entered Level 3 of the Elven Halls
 58934 | Elf:3    | Found Acumosif's One-of-a-Kind Rings.
 59314 | Elf:3    | Identified the ring "Dicwec" {Wiz *Corrode rC+ Int+4 SInv}
 59931 | Elf:3    | Identified the staff "Wixkafoj" {Int+3 Conj}
 59934 | Elf:3    | Got Laomeifa's Compendium of the Sarcophagus
 59944 | Elf:3    | Identified the +8 short sword of Hatred {flame, rElec rC+
                  | rN+ Str-4}
 59953 | Elf:3    | Found the ring of Shadows {Umbra +Inv Stlth+}
 59973 | Elf:3    | Identified the ring "Janloej" {Fly rPois EV+5 Dex+4}
 60105 | Elf:3    | Bought the ring "Xualutu" {rElec rF+ rC+} for 736 gold
                  | pieces
 60320 | Depths:1 | Entered Level 1 of the Depths
 60577 | Depths:1 | Found a hide-covered altar of Uskayaw.
 60762 | Depths:1 | Found a gateway to Hell.
 60832 | Depths:1 | Found a one-way gate to the infinite horrors of the Abyss.
 60896 | Depths:1 | Reached skill level 18 in Invocations
 61006 | Depths:2 | Noticed Sojobo
 61557 | Depths:2 | Killed Sojobo
 61633 | Depths:1 | Reached XP level 24. HP: 113/228 MP: 18/36
 61820 | Depths:2 | Reached skill level 19 in Invocations
 61834 | Depths:2 | Found a one-way gate leading to the halls of Pandemonium.
 62114 | Depths:2 | Found a runed translucent door.
 62126 | Depths:2 | Found a runed translucent door.
 62651 | Depths:2 | Reached skill level 20 in Invocations
 62704 | Depths:2 | Acquired 1201 gold pieces
 62876 | Depths:2 | Noticed a juggernaut
 62886 | Depths:2 | Killed a juggernaut
 62903 | Depths:2 | Reached skill level 21 in Invocations
 63236 | Depths:3 | Found a blossoming altar of Fedhas.
 63336 | Depths:3 | Reached skill level 10 in Throwing
 63864 | Depths:3 | Noticed a caustic shrike
 63870 | Depths:3 | Killed a caustic shrike
 64005 | Depths:3 | Noticed a juggernaut
 64013 | Depths:3 | Killed a juggernaut
 64040 | Depths:3 | Reached XP level 25. HP: 180/235 MP: 33/37
 64838 | Depths:4 | Entered Level 4 of the Depths
 64838 | Depths:4 | Found a radiant altar of Vehumet.
 64966 | Depths:4 | Noticed Parghit
 65372 | Depths:4 | Noticed the Enchantress
 65373 | Abyss:2  | Cast into level 2 of the Abyss (spriggan defender)
 65400 | Abyss:2  | Reached skill level 10 in Evocations
 65729 | Depths:4 | Escaped the Abyss
 65736 | Depths:3 | Killed the Enchantress
 66835 | Vaults:5 | Entered Level 5 of the Vaults
 66841 | Vaults:5 | Noticed an ancient lich
 66844 | Vaults:5 | Identified the +11 trident of Impatience {heavy, rF++}
 66852 | Vaults:5 | Reached skill level 22 in Invocations
 66856 | Vaults:4 | Killed an ancient lich
 67010 | Vaults:5 | Noticed a dread lich
 67131 | Vaults:4 | Killed a dread lich
 67240 | Vaults:4 | Reached XP level 26. HP: 180/244 MP: 28/38
 68657 | Vaults:5 | Found Zaxoez's Magic Scroll Shoppe.
 68665 | Vaults:5 | Bought a scroll of teleportation for 51 gold pieces
 68808 | Vaults:5 | Found Biod's Distillery.
 68814 | Vaults:5 | Noticed an ancient lich
 68830 | Vaults:5 | Killed an ancient lich
 68953 | Vaults:5 | Found Ulluvu Ydgha's Magic Scroll Shoppe.
 69051 | Vaults:5 | Got a silver rune of Zot
 69097 | Vaults:5 | Got the Guide on Noxious Cold
 69295 | Vaults:5 | Acquired a manual of Evocations
 69506 | Vaults:5 | Bought a scroll of enchant armour for 135 gold pieces
 69881 | Slime:1  | Entered Level 1 of the Pits of Slime
 70603 | Slime:5  | Entered Level 5 of the Pits of Slime
 71014 | Slime:5  | Noticed the Royal Jelly
 71025 | Slime:5  | Killed the Royal Jelly
 71314 | Slime:5  | Got a slimy rune of Zot
 71318 | Slime:5  | Identified the +6 spear "Jomonibe" {flame, Str+3}
 71397 | Slime:5  | Identified the amulet of the Raven {Acrobat +Blink Will+
                  | Int+2}
 71418 | Slime:5  | Got the Information on the Aerial Coals
 71554 | Slime:5  | Identified the staff of Noon {rPois rC+ Int+5 Dex+3 Ice}
 72549 | Slime:5  | Acquired a +6 vampiric executioner's axe
 73359 | Depths:3 | Killed Parghit
 73457 | Depths:4 | Reached XP level 27. HP: 207/258 MP: 38/38
 73469 | Depths:4 | Reached skill level 15 in Evocations
 73492 | Depths:4 | Noticed Vv
 73518 | Depths:4 | Killed Vv
 73732 | Depths:4 | Found a one-way gateway to a ziggurat.
 73822 | Depths:4 | Found a gate to the Realm of Zot.
 74494 | Depths:3 | Identified the +3 quarterstaff of the Spider Nest {drain,
                  | rF++ Int+3 Dex-5}
 74530 | Zot:1    | Entered Level 1 of the Realm of Zot
 74646 | Zot:1    | Reached skill level 23 in Invocations
 74668 | Zot:1    | Noticed an orb of fire
 74689 | Zot:1    | Killed an orb of fire
 74698 | Zot:1    | Reached skill level 24 in Invocations
 74857 | Zot:1    | Found a runed translucent gate.
 74857 | Zot:1    | Found a runed translucent gate.
 74857 | Zot:1    | Found a runed translucent gate.
 74858 | Zot:1    | Found an opulent altar of Gozag.
 74860 | Zot:1    | Noticed Ganeol's ghost (legendary MiBe)
 74951 | Zot:1    | Identified the +3 ring mail of the Apothecary {rPois rC+
                  | Dex-5}
 75028 | Zot:1    | Found Neudgheba's Assorted Antiques.
 75727 | Zot:2    | Identified the +0 great mace "Nafat" {flame, *Noise rElec
                  | rPois}
 76021 | Zot:3    | Reached skill level 25 in Invocations
 76531 | Zot:4    | Found a shimmering altar of Xom.
 78387 | Zot:5    | Entered Level 5 of the Realm of Zot
 78920 | Zot:5    | Noticed an orb of fire
 78925 | Zot:5    | Noticed an orb of fire
 78925 | Zot:5    | Noticed an orb of fire
 78933 | Zot:5    | Killed an orb of fire
 78936 | Zot:5    | Killed an orb of fire
 78937 | Zot:5    | Noticed an orb of fire
 78944 | Zot:5    | Killed an orb of fire
 78953 | Zot:5    | Killed an orb of fire
 79082 | Zot:5    | Noticed an orb of fire
 79101 | Zot:5    | Killed an orb of fire
 79227 | Zot:5    | Noticed an orb of fire
 79244 | Zot:5    | Killed an orb of fire
 79245 | Zot:5    | Noticed an ancient lich
 79247 | Zot:5    | Noticed an orb of fire
 79248 | Zot:5    | Noticed an ancient lich
 79261 | Zot:5    | Killed an ancient lich
 79265 | Zot:5    | Killed an orb of fire
 79319 | Zot:5    | Killed an ancient lich
 79455 | Zot:5    | Reached skill level 26 in Invocations
 79457 | Zot:5    | Noticed an ancient lich
 79461 | Zot:5    | Noticed a dread lich
 79465 | Zot:5    | Killed an ancient lich
 79492 | Zot:5    | Killed a dread lich
 79637 | Zot:5    | Got the Orb of Zot
 79887 | D:15     | Noticed Daixtips the pandemonium lord
 79897 | D:15     | Killed Daixtips the pandemonium lord
 80218 | D:$      | Escaped with the Orb!

Illustrated notes

Levels and vault maps discovered:
D:1:      roderic_chinese_lattice_arrival, layout_basic,
          dreamdust_ecumenical_altar_angels_and_demons
D:2:      layout_rooms, serial_shops, nicolae_shop_trees
D:3:      layout_loops_ring, serial_rivers, chequers_serial_rivers_marsh,
          chequers_serial_rivers_room_b, chequers_serial_rivers_micro_e,
          chequers_serial_rivers_marsh, chequers_serial_rivers_micro_e,
          cheibrodos_sewer_entry_bend, uniq_sigmund
D:4:      layout_cave_pools, grunt_temple_overflow_open, uniq_duvessa
D:5:      layout_loops_ring, general_overflow_altar, temple_green
D:6:      layout_cave_pools, nicolae_ru_path_of_blood, minmay_fractal_squares_5
D:7:      layout_gridville, makhleb_blood_cavern_becter,
          mainiacjoe_overflow_paths, chequers_decorated_corner,
          serial_library_hellmonk_reading_circle, uniq_maurice
D:8:      layout_cave_pools, erik_lair_orcish_takeover, minivault_14,
          minmay_manual_mail
D:9:      kennysheep_windowed_halls, layout_rooms, mainiacjoe_overflow_alcove_4,
          serial_shops, kennysheep_mini
D:10:     layout_small_grid, nicolae_wu_jian_glorious_leap,
          nicolae_take_the_stairs
D:11:     layout_cave_pools, david_orc_3, serial_glass, glass_columns_a,
          glass_columns_a, chequers_serial_rivers_small_3,
          hangedman_decor_diamond_cutter
D:12:     layout_basic, uniq_sonja, uniq_azrael, uniq_fannar
D:13:     layout_stronghold, gammafunk_ghost_stat_death, uniq_frances
D:14:     layout_loops_ring, skrybe_vaults_entry_preservation,
          chequers_serial_rivers_micro_c, dk_noncrumbling_3,
          kennysheep_generic_room_11
D:15:     hangedman_depths_entry_civil_slaughter, layout_loops_ring,
          serial_aquarium, aquarium_bridge_island_small
          [aquarium_subvault_small_open, aquarium_subvault_window,
          aquarium_subvault_bridge, aquarium_subvault_wall,
          aquarium_subvault_wall], aquarium_bridge_straight
          [aquarium_subvault_bridge, aquarium_subvault_wall,
          aquarium_subvault_bridge, aquarium_subvault_window],
          aquarium_window_1, aquarium_window_1, aquarium_window_corner,
          aquarium_view_2f, aquarium_view_2d, aquarium_pool_double,
          dk_noncrumbling_2, kennysheep_flooded_box, uniq_agnes
Lair:1:   layout_small_grid, nzn_sisyphean_effort
Lair:2:   layout_layer_cave, dummy_snake_entry, grunt_megastairs_3,
          infiniplex_staircase_pool_2
Lair:3:   layout_cave_pods, elwin_shoals_entry_rooms
Lair:4:   layout_regular_city, nicolae_slime_entry_slimehenge,
          portal_ice_cave_rime, serial_bayou_ford_a, uniq_rupert, uniq_snorg
Lair:5:   grunt_lair_end_beastmaster, layout_loops_ring,
          ebering_ghost_reflecting_pool, chequers_serial_rivers_micro_e,
          pdpol_lair_cavern_descent
Shoals:1: argonaut_golden_fleece, layout_shoals,
          nicolae_shoals_lost_giant_temple, nicolae_shoals_undead_eyrie
Shoals:2: nicolae_shoals_deep_elves_summer_vacation, layout_shoals,
          nicolae_shop_dragon_depot, nicolae_shoals_aquamancer_cove
Shoals:3: layout_shoals, serial_shops, shop, st_sunken_temple
Shoals:4: shoals_end_hangedman, layout_shoals, uniq_nikola
Snake:1:  layout_basic, nicolae_snake_gridmaze_tees, drop_trap,
          nicolae_snake_gridmaze_squiggle, minmay_shop_grove
Snake:2:  layout_onion_interference, grunt_ministairs_1,
          nicolae_snake_single_loop, nicolae_alphabet_shops
Snake:3:  layout_onion_interference, grunt_megastairs_2, lemuel_fruit_tree,
          uniq_aizul, uniq_mara
Snake:4:  grunt_snake_rune_serpentine_throne, layout_cave_town, basic_altar,
          serial_library_regret_index_turning, nicolae_snake_gridmaze_swirls,
          serial_bayou_shore_b, uniq_louise, uniq_vashnia
Slime:1:  layout_caves, nicolae_slime_getting_an_eyeful
Slime:2:  layout_caves
Slime:3:  layout_caves
Slime:4:  layout_caves
Slime:5:  slime_pit_nicolae_trefoil
Orc:1:    layout_caves, serial_shops, shop, nicolae_shop_back_alley_shop,
          nicolae_shop_just_a_little_nook, nicolae_shop_real_fake_doors,
          uniq_josephine
Orc:2:    st_orc_elflike, layout_caves, led_sif_book, uniq_saint_roka
Elf:1:    minmay_elf_arrival_plus, layout_gridlike, serial_shops,
          nicolae_shop_rolling_square, basic_altar, nicolae_elf_blasts_and_bolts
Elf:2:    nicolae_elf_blades_crystal_corner, layout_onion_city, basic_altar,
          lemuel_elevator
Elf:3:    minmay_elf_hall_four_x, layout_gridlike,
          amcnicky_mini_corridor_feature, nicolae_shop_unique_rings,
          grunt_ministairs_12
Vaults:1: nicolae_vaults_network_star, nicolae_vaults_layer_cake_slice,
          hangedman_vaults_maws, ontoclasm_vaults_claustrophobia,
          nicolae_vaults_halls_meeting, nicolae_vaults_little_squares_5,
          v_misc_27, ontoclasm_vaults_chip, hangedman_vaults_impose,
          layout_vaults_omnibox
Vaults:2: v_misc_9, v_pattern_4, v_rooms_6, nicolae_vaults_tetromino_T_2,
          nicolae_vaults_weapon_check, minmay_crypt_entry_necro_gods,
          hangedman_vaults_pinch, hangedman_vaults_nodes,
          nicolae_vaults_apartment_1, nicolae_vaults_theta,
          nicolae_vaults_cochlea, nicolae_vaults_variable_pillar_hall,
          layout_vaults_big_cross
Vaults:3: portal_desolation_entry_holy_temple, vaults_room_hallway,
          vaults_mumra_chevron, nicolae_vaults_network_quinsquares
          [nicolae_vaults_network_quincunx_subvault,
          nicolae_vaults_network_quincunx_subvault,
          nicolae_vaults_network_quincunx_subvault,
          nicolae_vaults_network_quincunx_subvault], nicolae_vaults_wine_cellar,
          hangedman_vaults_maws, vaults_room_large_hall,
          vaults_standard_mumra_x, v_misc_33, nicolae_vaults_mini_display_case,
          nicolae_vaults_theta, nicolae_vaults_house_2, layout_vaults_big_room
Vaults:4: nicolae_vaults_shipping_containers_1, nicolae_vaults_double_plus_1,
          nicolae_vaults_double_plus_2, nicolae_vaults_theta,
          nicolae_vaults_storage_room_glass, hangedman_vaults_stream, v_misc_29,
          vaults_dpeg_encased_lava, nicolae_vaults_storage_closets_2,
          serial_library_hellmonk_open_square, layout_vaults_ring, serial_shops,
          bzr_entry_water
Vaults:5
Depths:1: layout_long_grid, roderic_roman_lattice, hell_entry,
          abyss_entry_crystal, eat_drink_and_be_merry_uskayaw
Depths:2: thingy_vault_2, layout_cave_shapes, pan_entry,
          minmay_misc_feat_columns, hellmouth_3, abyss_entry, uniq_sojobo
Depths:3: minmay_three_patterns, layout_honeycomb,
          nicolae_abyss_entry_one_way_or_another, lemuel_statue_altar,
          hell_entry, grunt_megastairs_1, infiniplex_staircase_star,
          firewood_loft
Depths:4: evilmike_zot_entry_diamond, layout_small_grid, enter_ziggurat_a,
          nicolae_vehumet_radiance, hangedman_coc_ice_floe, uniq_vv,
          uniq_parghit, uniq_enchantress
Zot:1:    layout_onion_interference, ebering_ghost_gozag,
          regret_index_zotdec_banners
Zot:2:    layout_gridlike, grunt_megastairs_5
Zot:3:    layout_basic
Zot:4:    layout_gridlike, st_stairs_4, regret_index_zotdec_twisting_globes
Zot:5:    layout_gridlike

Skill      XL: |  1  2  3  4  5  6  7  8  9 10 11 12 13 14 15 16 17 18 19 20 21 22 23 24 25 26 27 |
---------------+----------------------------------------------------------------------------------+-----
Unarmed Combat | 4 |  4.0
Fighting       | 3 4 5 6 8 10 11 12 13 14 15 16 18 19 21 23 24 | 24.0
Axes           | 2 4 7 8 10 12 13 14 16 18 19 20 21 23 24 | 24.0
Evocations     | 3 5 7 9 11 14 15 | 15.0
Dodging        | 4 5 7 8 |  8.0
Invocations    | 5 9 11 14 16 17 18 21 22 26 | 26.8
Throwing       | 4 6 8 11 12 | 12.0
Armour         | 4 8 10 11 13 14 15 17 19 22 | 22.0

Action                     |  1- 3 |  4- 6 |  7- 9 | 10-12 | 13-15 | 16-18 | 19-21 | 22-24 | 25-27 || total
---------------------------+-------+-------+-------+-------+-------+-------+-------+-------+-------++-------
  Melee: Unarmed           |    44 |       |       |       |       |       |       |       |       ||    44
         Hand axe          |    49 |   126 |   338 |   620 |   509 |       |       |       |       ||  1642
         Punch             |     1 |       |       |       |       |       |       |       |       ||     1
         Battleaxe         |       |       |       |       |   642 |   772 |  1352 |       |       ||  2766
         Executioner's axe |       |       |       |       |       |       |   192 |  1091 |  1576 ||  2859
  Throw: Javelin           |     2 |       |     1 |     2 |       |     1 |       |       |     3 ||     9
         Throwing net      |     2 |       |     1 |       |       |       |       |       |       ||     3
         Stone             |       |     3 |       |    10 |       |       |       |       |       ||    13
         Boomerang         |       |    10 |    23 |    19 |    13 |       |    30 |    13 |       ||   108
         Dart              |       |       |       |    32 |    49 |       |       |       |       ||    81
 Invoke: Upheaval          |       |       |       |     3 |     3 |     8 |    17 |    11 |    13 ||    55
         Elemental Force   |       |       |       |       |     6 |     2 |     1 |     1 |     2 ||    12
         Disaster Area     |       |       |       |       |       |     4 |     1 |     3 |     9 ||    17
  Evoke: Wand              |       |       |     4 |     2 |     9 |    29 |    20 |     8 |    14 ||    86
         Phial of floods   |       |       |       |       |       |     1 |       |       |       ||     1
         Tin of tremorston |       |       |       |       |       |       |     2 |     1 |     2 ||     5
         Sack of spiders   |       |       |       |       |       |       |       |       |     1 ||     1
    Use: Scroll            |       |     3 |     4 |     7 |     9 |    16 |    11 |     6 |    31 ||    87
         Potion            |       |       |       |     3 |       |    10 |     3 |     1 |     7 ||    24
   Stab: Held in net/web   |     1 |       |       |       |       |       |       |       |       ||     1
         Distracted        |       |     1 |       |       |       |       |     1 |       |       ||     2
         Sleeping          |       |     1 |       |       |       |       |       |       |       ||     1
         Invisible         |       |       |       |     1 |     1 |       |    33 |    14 |    37 ||    86
         Petrified         |       |       |       |       |     7 |       |       |       |       ||     7
         Petrifying        |       |       |       |       |     1 |       |       |       |       ||     1
         Paralysed         |       |       |       |       |       |     1 |       |       |       ||     1
 Armour: Ring mail         |    43 |       |   176 |   380 |   539 |       |       |       |       ||  1138
         Robe              |       |    71 |    24 |       |       |       |       |       |       ||    95
         Plate armour      |       |       |       |       |   115 |   723 |   986 |   715 |   792 ||  3331
         Gold dragon scale |       |       |       |       |       |       |       |       |  1024 ||  1024
  Dodge: Dodged            |    57 |    70 |   171 |   245 |   483 |   240 |   639 |   521 |   943 ||  3369
         Repelled          |       |       |       |       |    37 |   115 |   166 |    87 |   178 ||   583
  Block: Other             |       |       |     9 |    76 |   227 |   188 |   350 |   231 |   407 ||  1488

Table legend: (Time is in decaauts)
 A = Elapsed time spent in this place.
 B = Non-inter-level travel time spent in this place.
 C = Inter-level travel time spent in this place.
 D = Time resting spent in this place.
 E = Time spent auto-exploring this place.
 F = Levels seen in this place.
 G = Mean time per level.
                   A        B        C        D        E       F      G
               +--------+--------+--------+--------+--------+-----+--------+
         Total |  79068 |  68413 |  10655 |  19436 |  30266 |  59 | 1340.1 |
       Dungeon |  24278 |  19566 |   4712 |   5866 |   8204 |  15 | 1618.5 |
          Lair |   8777 |   7505 |   1272 |   2029 |   3885 |   5 | 1755.4 |
        Shoals |   4323 |   3856 |    467 |    623 |   2085 |   4 | 1080.8 |
     Snake Pit |   6078 |   5604 |    474 |   1727 |   2414 |   4 | 1519.5 |
    Slime Pits |   1883 |   1680 |    203 |    718 |    132 |   5 |  376.6 |
  Orcish Mines |   3509 |   2716 |    793 |   1120 |    840 |   2 | 1754.5 |
   Elven Halls |   5339 |   4780 |    559 |   1255 |   2072 |   3 | 1779.7 |
        Vaults |   8335 |   7247 |   1088 |   1907 |   3755 |   5 | 1667.0 |
        Depths |   7440 |   6646 |    794 |   2362 |   2934 |   4 | 1860.0 |
           Zot |   4923 |   4633 |    290 |    383 |   3180 |   5 |  984.6 |
         Abyss |    727 |    727 |      0 |    339 |      0 |   3 |  242.3 |
        Bazaar |    118 |    118 |      0 |      0 |     53 |   1 |  118.0 |
         Sewer |    461 |    461 |      0 |    102 |      0 |   1 |  461.0 |
      Ice Cave |   2060 |   2060 |      0 |    785 |    487 |   1 | 2060.0 |
    Desolation |    811 |    811 |      0 |    214 |    224 |   1 |  811.0 |
               +--------+--------+--------+--------+--------+-----+--------+

Top non-repeatable levels by time:
Depths:3: 3342 daAuts
     D:7: 2738 daAuts
Vaults:4: 2606 daAuts
     D:9: 2355 daAuts
   Elf:2: 2304 daAuts
    D:11: 2227 daAuts
  Lair:3: 2145 daAuts
 Snake:4: 2138 daAuts
   IceCv: 2060 daAuts
  Lair:2: 2052 daAuts
   Orc:2: 1988 daAuts
 Snake:1: 1880 daAuts
    D:12: 1875 daAuts
    D:13: 1825 daAuts
    D:14: 1733 daAuts
